 Dungeon Crawl Stone Soup version 0.22-a0-858-g985ef60 (webtiles) character file.

991 jjfam the Skirmisher (level 8, 0/73 HPs)
             Began as a Hill Orc Fighter on July 27, 2018.
             Succumbed to a worker ant's poison
             ... on level 4 of the Dungeon.
             The game lasted 00:12:19 (3861 turns).

jjfam the Skirmisher (Hill Orc Fighter)             Turns: 3861, Time: 00:12:21

Health: 0/73       AC:  8    Str: 20    XL:     8   Next: 18%
Magic:  8/8        EV:  7    Int:  8    God:
Gold:   216        SH: 10    Dex: 11    Spells: 7/7 levels left

rFire    . . .     SeeInvis .   h - +2 hand axe (chop)
rCold    . . .     Gourm    .   c - +0 shield
rNeg     . . .     Faith    .   b - +0 scale mail
rPois    .         Spirit   .   u - +1 hat
rElec    .         Reflect  .   (no cloak)
rCorr    .         Harm     .   (no gloves)
MR       .....                  (no boots)
Stlth    ..........             (no amulet)
HPRegen  0.22/turn              (no ring)
MPRegen  0.11/turn              (no ring)

@: lethally poisoned (0 -> -12)
A: no striking features
a: no special abilities


You were on level 4 of the Dungeon.
You were not hungry.

You visited 1 branch of the dungeon, and saw 4 of its levels.
You also visited: Sewer.

You collected 216 gold pieces.

Inventory:

Hand Weapons
 a - a +0 war axe
 h - a +2 hand axe of chopping (weapon)
Armour
 b - a +0 scale mail (worn)
 c - a +0 shield (worn)
 u - a +1 hat (worn)
Scrolls
 n - a scroll of remove curse
 o - a scroll of identify
 r - a scroll of immolation {unknown}
 s - 2 scrolls of blinking {unknown}
 v - a scroll of random uselessness {unknown}
Potions
 d - 2 potions of might
 e - a potion of agility {unknown}
 g - a potion of brilliance {unknown}
 j - 5 potions of curing
 k - a potion of flight {unknown}
 m - 2 potions of lignification {unknown}
 q - a potion of invisibility {unknown}
 t - a potion of ambrosia {unknown}
Comestibles
 f - 6 rations
 l - 2 chunks of flesh


   Skills:
 * Level 7.5 Fighting
 + Level 6.0 Axes
 + Level 5.7 Armour
 - Level 0.1 Dodging
 - Level 0.5 Stealth
 + Level 5.5 Shields


You had 7 spell levels left.
You didn't know any spells.
Your spell library was empty.

Dungeon Overview and Level Annotations

Branches:
Dungeon (4/15)
 Temple: D:4-7

Altars:
Cheibriados
Fedhas
Gozag
Wu Jian


Message History

You hit the worker ant.
* * * LOW HITPOINT WARNING * * *
You feel sick. Grinder gestures at you.
You shrug off the repeated paralysis!
You block the worker ant's attack.
You slash Grinder!
You kill Grinder!
Your Axes skill increases to level 6!
You have reached level 8!
You closely miss the worker ant.
* * * LOW HITPOINT WARNING * * *
You feel sick. The worker ant bites you.
* * * LOW HITPOINT WARNING * * *
You hit the worker ant.
The worker ant is almost dead.
* * * LOW HITPOINT WARNING * * *
You feel sick. The worker ant closely misses you.
You hit the worker ant.
You kill the worker ant!
You die...

,,,,,,,,,,,,,.................#.#
******,,,.....................#.#
*****#........................#.#
,,,,,+........................#.#
*****#............####..........#
#............# #..........#
#......?.....# ####...)...#
#..........!†# #....o..#
#..........@.# ######...
#.....)......# ##..#
#............# #.'##
#............# #.#≈≈
############## #.#≈≈ #.'## #...#
#.#.. #.#.#


There were no monsters in sight!

Vanquished Creatures
  Grinder (D:4)
  An ogre (D:4)
  2 bullfrogs (Sewer)
  Blork the orc (D:4)
  A scorpion (D:4)
  2 howler monkeys (D:4)
  2 hounds (D:4)
  2 worker ants (D:4)
  A hound skeleton (D:4)
  3 gnolls (D:3)
  4 adders
  2 river rats (D:4)
  18 oozes
  3 worms
  A dart slug (D:3)
  9 leopard geckos
  9 orcs (D:3)
  10 giant cockroaches
  5 goblins
  7 hobgoblins
  9 ball pythons (Sewer)
  6 bats
  9 frilled lizards
  3 kobolds
  7 rats
118 creatures vanquished.

Notes
Turn   | Place    | Note
-------+----------+-------------------------------------------
     0 | D:1      | jjfam the Hill Orc Fighter began the quest for the Orb.
     0 | D:1      | Reached XP level 1. HP: 19/19 MP: 1/1
   398 | D:1      | Reached XP level 2. HP: 27/27 MP: 2/2
   533 | D:2      | Reached XP level 3. HP: 32/33 MP: 3/3
  1333 | D:3      | Reached skill level 4 in Fighting
  1333 | D:3      | Reached XP level 4. HP: 40/40 MP: 4/4
  1349 | D:3      | Found an ornate altar of the Wu Jian Council.
  1470 | D:3      | Found a snail-covered altar of Cheibriados.
  1841 | D:3      | Found an opulent altar of Gozag.
  1862 | D:3      | Reached XP level 5. HP: 31/47 MP: 5/5
  2420 | D:4      | Found a blossoming altar of Fedhas.
  2477 | D:4      | Found a glowing drain.
  2482 | Sewer    | Entered a sewer
  2577 | Sewer    | Reached skill level 5 in Fighting
  2760 | Sewer    | Reached XP level 6. HP: 54/56 MP: 6/6
  3052 | D:4      | Reached skill level 6 in Fighting
  3052 | D:4      | Reached skill level 5 in Axes
  3052 | D:4      | Reached XP level 7. HP: 50/63 MP: 7/7
  3056 | D:4      | Reached skill level 5 in Armour
  3267 | D:4      | Reached skill level 5 in Shields
  3404 | D:4      | Noticed Blork the orc
  3504 | D:4      | Killed Blork the orc
  3504 | D:4      | Reached skill level 7 in Fighting
  3835 | D:4      | Noticed Grinder
  3837 | D:4      | Paralysed by Grinder for 3 turns
  3846 | D:4      | Paralysed by Grinder for 3 turns
  3852 | D:4      | Paralysed by Grinder for 6 turns
  3859 | D:4      | Killed Grinder
  3859 | D:4      | Reached XP level 8. HP: 9/73 MP: 8/8
  3859 | D:4      | HP: 3/73 [worker ant (5)]
  3860 | D:4      | HP: 1/73 [poisoned by a worker ant]
  3861 | D:4      | Succumbed to a worker ant's poison

Vault maps used:
D:1:      scummos_arrival_star
D:2:      lemuel_upstairs_altar, first_ration
D:3:      lemuel_doored_altar, kennysheep_slug_shrine, dk_noncrumbling_2,
          grunt_gozag_breadcrumbs
D:4:      nicolae_overflow_crystal_walls, gup_sewer_entry_bowl,
          grunt_ministairs_1, st_stairs_3, uniq_blork_the_orc, uniq_grinder
Sewer:    sewer_frog_island_02

Skill      XL: |  1  2  3  4  5  6  7 |
---------------+----------------------+-----
Axes           | 3 4 5 6 |  6.0
Armour         | 4 5 |  5.7
Fighting       | 4 5 6 7 |  7.5
Shields        | 4 5 |  5.5
Dodging        | |  0.1
Stealth        | |  0.5

Action                   |  1- 3 |  4- 6 |  7- 9 || total
-------------------------+-------+-------+-------++-------
Melee: War axe           |    90 |    74 |       ||   164
       Hand axe          |       |   162 |    66 ||   228
  Use: Scroll            |       |     6 |     1 ||     7
  Eat: Chunk             |     1 |     3 |     3 ||     7
       Ration            |       |     1 |       ||     1
Armor: Scale mail        |    54 |   111 |    33 ||   198
Dodge: Dodged            |    28 |    54 |    16 ||    98
Block: Shield            |    50 |   110 |    30 ||   190

Table legend:
 A = Spawn XP
 B = Non-spawn XP
 C = Spawn XP percentage of total XP
 D = Spawn monster count
 E = Non-spawn monster count
 F = Spawn count percentage of total count
 G = Total turns spent on level
                    A         B        C        D         E        F      G
               +---------+---------+-------+---------+---------+-------+---------
         Total |       0 |    1416 |   0.0 |       0 |     118 |   0.0 |  3861
               +---------+---------+-------+---------+---------+-------+---------
           D:1 |       0 |      14 |   0.0 |       0 |      10 |   0.0 |   526
           D:2 |       0 |      49 |   0.0 |       0 |      12 |   0.0 |   751
           D:3 |       0 |     135 |   0.0 |       0 |      29 |   0.0 |  1114
           D:4 |       0 |     863 |   0.0 |       0 |      19 |   0.0 |   937
         Sewer |       0 |     355 |   0.0 |       0 |      48 |   0.0 |   533
               +---------+---------+-------+---------+---------+-------+---------
